 Seeded DCSS version 0.28-b1-1-g3c77fb2 (webtiles) character file.

Game seed: 20220128 (custom seed)

280 Ayyar the Grasshopper (level 6, -2/50 HPs)
             Began as a Gnoll Warper on Jan 28, 2022.
             Slain by a scorpion (7 damage)
             ... on level 4 of the Dungeon.
             The game lasted 00:08:12 (3281 turns).

Ayyar the Grasshopper (Gnoll Warper)                Turns: 3281, Time: 00:08:13

Health: -2/50      AC:  6    Str: 12    XL:     6   Next: 27%
Magic:  14/14      EV: 10    Int: 12    God:
Gold:   97         SH:  0    Dex: 12    Spells: 15/15 levels left

rFire   . . .      SeeInvis .   a - +0 falchion
rCold   . . .      Faith    .   (no shield)
rNeg    . . .      Spirit   .   f - +0 scale mail
rPois   .          Reflect  .   (no helmet)
rElec   .          Harm     .   (no cloak)
rCorr   .          Rampage  .   (no gloves)
Will    .....                   (no boots)
Stlth   ..........              (no amulet)
HPRegen 0.16/turn               (no ring)
MPRegen 0.14/turn               (no ring)

@: lethally poisoned (-2 -> -3)
A: fangs 1, strong nose, distributed training
a: no special abilities


You were on level 4 of the Dungeon.
You visited 1 branch of the dungeon, and saw 4 of its levels.

You collected 97 gold pieces.

Inventory:

Hand Weapons
 a - a +0 falchion (weapon)
 b - the +7 mace of Termination {freeze, +Blink rPois rF+}
   (You found it on level 3 of the Dungeon)

   It freezes those it strikes, dealing additional cold damage.
   It can also slow down cold-blooded creatures.
   rF:        It protects you from fire.
   rPois:     It protects you from poison.
   +Blink:    It lets you blink.
Missiles
 d - 5 boomerangs of dispersal
 g - 4 boomerangs (quivered)
Armour
 f - a +0 scale mail (worn)
Jewellery
 o - a ring of protection from cold
Scrolls
 c - a scroll of blinking
 e - a scroll of identify {unknown}
 j - a scroll of noise {unknown}
 l - a scroll of enchant armour {unknown}
 n - 2 scrolls of enchant weapon {unknown}
 p - a scroll of immolation {unknown}
Potions
 h - a potion of might {unknown}
 i - a potion of attraction {unknown}
 k - a potion of brilliance {unknown}
 m - 2 potions of mutation {unknown}
 q - a potion of invisibility {unknown}


   Skills:
 + Level 4.9 Fighting
 + Level 1.9 Short Blades
 + Level 4.9 Long Blades
 + Level 1.9 Axes
 + Level 1.9 Maces & Flails
 + Level 1.9 Polearms
 + Level 1.9 Staves
 + Level 1.9 Slings
 + Level 1.9 Bows
 + Level 1.9 Crossbows
 + Level 3.2 Throwing
 + Level 3.2 Armour
 + Level 4.9 Dodging
 + Level 1.9 Stealth
 + Level 1.9 Shields
 + Level 1.9 Unarmed Combat
 + Level 5.3 Spellcasting
 + Level 1.5 Conjurations
 + Level 1.5 Hexes
 + Level 1.5 Summonings
 + Level 1.5 Necromancy
 + Level 5.6 Translocations
 + Level 1.5 Transmutations
 + Level 1.5 Fire Magic
 + Level 1.5 Ice Magic
 + Level 1.5 Air Magic
 + Level 1.5 Earth Magic
 + Level 1.5 Poison Magic
 + Level 2.1 Invocations
 + Level 1.9 Evocations


You had 15 spell levels left.
You didn't know any spells.
Your spell library contained the following spells:

 Spells                   Type           Power      Damage    Failure   Level
 Apportation              Tloc           32%        N/A       9%          1
 Blink                    Tloc           32%        N/A       14%         2
 Gell's Gravitas          Tloc           16%        N/A       26%         3
 Lesser Beckoning         Tloc           16%        N/A       26%         3
 Teleport Other           Tloc           16%        N/A       26%         3
 Static Discharge         Conj/Air       6%         N/A       58%         2
 Manifold Assault         Tloc           16%        N/A       94%         5
 Dispel Undead            Necr           6%         3d8       99%         4
 Sticky Flame             Conj/Fire      6%         2d3       99%         4
 Alistair's Intoxication  Tmut/Pois      4%         N/A       100%        5


Dungeon Overview and Level Annotations

Branches:
Dungeon (4/15)
 Temple: D:4-7

Altars:
Kikubaaqudgha


Innate Abilities, Weirdness & Mutations

You have very sharp teeth.
Your uncanny sense of smell can sniff out nearby items.
Your experience applies equally to all skills.


Message History

The scorpion barely misses you.
You hit the scorpion but do no damage.
The scorpion is heavily wounded.
The scorpion completely misses you.
You hit the scorpion.
The scorpion is heavily wounded.
The scorpion stings you.
You are poisoned.
The scorpion poisons you!
You barely miss the scorpion.
The scorpion is heavily wounded.
You feel very sick. The scorpion barely misses you.
The scorpion stings you but does no damage.
You hit the scorpion but do no damage.
The scorpion is heavily wounded.
You feel very sick. The scorpion stings you!
* * * LOW HITPOINT WARNING * * *
You hit the scorpion.
The scorpion is almost dead.
You feel sick.
The scorpion stings you but does no damage.
You closely miss the scorpion.
The scorpion is almost dead.
You feel sick. The scorpion barely misses you.
You closely miss the scorpion.
The scorpion is almost dead.
You feel sick. The scorpion misses you. x2
You barely miss the scorpion.
The scorpion is almost dead.
You feel sick. The scorpion stings you.
* * * LOW HITPOINT WARNING * * *
You closely miss the scorpion.
The scorpion is almost dead.
You feel sick. The scorpion barely misses you.
You closely miss the scorpion.
The scorpion is almost dead.
You feel sick. The scorpion stings you!
You die...

#.# #.# #.# #.#
#.# #.#
#########.# #.#
#.........# #.#
###.######### ∆
########.###.#.#
.........##....#
..?....)....s@.#
.......#.##....#
######.#.###.#.#
..... #.#.#
##.#..##.#.#
#.#...#.#?#
..........#
##.#.#.#.### ∆
.#


You could see a scorpion.

Vanquished Creatures
  Grinder (D:3)
  Jessica (D:3)
  An adder (D:3)
  3 worms
  A dart slug (D:2)
  4 orcs (D:3)
  7 ball pythons
  A bat (D:1)
  5 endoplasms
  2 giant cockroaches
  2 goblins
  6 hobgoblins
  6 kobolds
  3 quokkas
  A frilled lizard (D:2)
  4 rats
48 creatures vanquished.

Notes
Turn   | Place    | Note
-------+----------+-------------------------------------------
     0 | D:1      | Ayyar the Gnoll Warper began the quest for the Orb.
     0 | D:1      | Reached XP level 1. HP: 20/20 MP: 6/6
   282 | D:1      | Reached XP level 2. HP: 26/26 MP: 7/7
   333 | D:1      | Found a faded altar of an unknown god.
  1080 | D:2      | Reached XP level 3. HP: 31/31 MP: 9/9
  1090 | D:2      | Reached skill level 5 in Spellcasting
  1725 | D:2      | Reached skill level 1 in Invocations
  2174 | D:3      | Noticed Grinder
  2215 | D:3      | Noticed Jessica
  2216 | D:3      | Reached skill level 1 in Short Blades
  2216 | D:3      | Reached skill level 1 in Axes
  2216 | D:3      | Reached skill level 1 in Maces & Flails
  2216 | D:3      | Reached skill level 1 in Polearms
  2216 | D:3      | Reached skill level 1 in Staves
  2216 | D:3      | Reached skill level 1 in Slings
  2216 | D:3      | Reached skill level 1 in Bows
  2216 | D:3      | Reached skill level 1 in Crossbows
  2216 | D:3      | Reached skill level 1 in Stealth
  2216 | D:3      | Reached skill level 1 in Shields
  2216 | D:3      | Reached skill level 1 in Unarmed Combat
  2216 | D:3      | Reached skill level 1 in Evocations
  2217 | D:3      | Killed Jessica
  2218 | D:3      | Reached XP level 4. HP: 38/38 MP: 11/11
  2222 | D:3      | Identified the +7 mace of Termination {freeze, +Blink rPois
                  | rF+}
  2524 | D:3      | Found an ancient bone altar of Kikubaaqudgha.
  2531 | D:3      | Reached skill level 1 in Conjurations
  2531 | D:3      | Reached skill level 1 in Hexes
  2531 | D:3      | Reached skill level 1 in Summonings
  2531 | D:3      | Reached skill level 1 in Necromancy
  2531 | D:3      | Reached skill level 1 in Transmutations
  2531 | D:3      | Reached skill level 1 in Fire Magic
  2531 | D:3      | Reached skill level 1 in Ice Magic
  2531 | D:3      | Reached skill level 1 in Air Magic
  2531 | D:3      | Reached skill level 1 in Earth Magic
  2531 | D:3      | Reached skill level 1 in Poison Magic
  2880 | D:3      | Paralysed by Grinder for 2 turns
  2893 | D:3      | Paralysed by Grinder for 4 turns
  2899 | D:3      | Killed Grinder
  2900 | D:3      | Reached XP level 5. HP: 8/43 MP: 12/12
  2900 | D:3      | Reached XP level 6. HP: 10/50 MP: 14/14
  3281 | D:4      | Slain by a scorpion

Illustrated notes

Levels and vault maps discovered:
D:1:      wander_arrival_abandoned_jail, layout_basic,
          dreamdust_ecumenical_altar_grove, grunt_decor_one_mirror,
          hex_intersection
D:2:      layout_loops_cross
D:3:      layout_basic, kiku_gazebo_pond_becter, uniq_jessica, uniq_grinder
D:4:      layout_loops_ring, serial_shops, kennysheep_mini_moat,
          roderic_roman_lattice, minmay_stone_trees_medium

Skill      XL: |  1  2  3  4 |
---------------+-------------+-----
Spellcasting   | 5 |  5.3
Invocations    | 1 2 |  2.1
Short Blades   | 1 |  1.9
Axes           | 1 |  1.9
Maces & Flails | 1 |  1.9
Polearms       | 1 |  1.9
Staves         | 1 |  1.9
Slings         | 1 |  1.9
Bows           | 1 |  1.9
Crossbows      | 1 |  1.9
Stealth        | 1 |  1.9
Shields        | 1 |  1.9
Unarmed Combat | 1 |  1.9
Evocations     | 1 |  1.9
Conjurations   | 1 |  1.5
Hexes          | 1 |  1.5
Summonings     | 1 |  1.5
Necromancy     | 1 |  1.5
Transmutations | 1 |  1.5
Fire Magic     | 1 |  1.5
Ice Magic      | 1 |  1.5
Air Magic      | 1 |  1.5
Earth Magic    | 1 |  1.5
Poison Magic   | 1 |  1.5
Throwing       | 3 |  3.2
Armour         | 3 |  3.2
Fighting       | |  4.9
Long Blades    | |  4.9
Dodging        | |  4.9
Translocations | |  5.6

Action                   |  1- 3 |  4- 6 || total
-------------------------+-------+-------++-------
Melee: Falchion          |   116 |    52 ||   168
       Bite              |    13 |       ||    13
       Punch             |     2 |       ||     2
       Mace              |       |     4 ||     4
Throw: Boomerang         |    12 |    24 ||    36
Armor: Scale mail        |    44 |    27 ||    71
Dodge: Dodged            |    42 |    35 ||    77
